 Dungeon Crawl Stone Soup version 0.25-a0-707-g603da07 (webtiles) character file.

Game seed: 11213502838987310142, levelgen mode: deterministic

1645 Faca the Slinger (level 9, -6/62 HPs)
             Began as a Halfling Hunter on Apr 4, 2020.
             Was a Follower of Okawaru.
             Mangled by an orc warrior
             ... wielding a +0 dire flail
              (22 damage)
             ... on level 7 of the Dungeon.
             The game lasted 00:19:27 (9844 turns).

Faca the Slinger (Halfling Hunter)                  Turns: 9844, Time: 00:19:28

Health: -6/62      AC:  4    Str: 15    XL:     9   Next: 19%
Magic:  9/9        EV: 14    Int:  6    God:    Okawaru [*.....]
Gold:   417        SH:  0    Dex: 16    Spells: 8/8 levels left

rFire    . . .     SeeInvis +   q - +0 dagger (venom)
rCold    . . .     Gourm    .   (shield restricted)
rNeg     . . .     Faith    .   t - +0 leather armour of Syndicalism {rElec MR+ Int-3 Slay+2}
rPois    +         Spirit   .   (no helmet)
rElec    +         Reflect  .   o - +0 cloak
rCorr    .         Harm     .   (no gloves)
MR       +....                  (no boots)
Stlth    ++........             (no amulet)
HPRegen  0.20/turn              h - ring of poison resistance
MPRegen  0.11/turn              c - ring of see invisible

@: no status effects
A: small, mutation resistance 1
a: Heroism, Renounce Religion


You were on level 7 of the Dungeon.
You worshipped Okawaru.
Okawaru was aware of your devotion.
You were not hungry.

You visited 2 branches of the dungeon, and saw 8 of its levels.

You collected 417 gold pieces.

Inventory:

Hand Weapons
 a - a +2 hunting sling
 q - a +0 dagger of venom (weapon)
Missiles
 d - 46 sling bullets
 j - 36 poisoned darts (quivered)
 k - 140 stones
 s - 4 boomerangs
Armour
 o - a +0 cloak (worn)
 r - a scarf of cloud immunity
 t - the +0 leather armour of Syndicalism (worn) {rElec MR+ Int-3 Slay+2}
   (You found it on level 4 of the Dungeon)

   It affects your intelligence (-3).
   It affects your accuracy and damage with ranged weapons and melee attacks
   (+2).
   It insulates you from electricity.
   It affects your resistance to hostile enchantments.
Jewellery
 c - a ring of see invisible (right hand)
 h - a ring of poison resistance (left hand)
Wands
 m - a wand of acid (8)
Scrolls
 e - 2 scrolls of fog
 n - 3 scrolls of magic mapping
 v - a scroll of blinking
Potions
 b - a potion of ambrosia
 g - 2 potions of mutation
 i - a potion of stabbing {unknown}
 l - 2 potions of haste
 p - a potion of lignification
 u - a potion of invisibility {unknown}
 x - a potion of heal wounds {unknown}
Comestibles
 f - 6 rations
 w - 3 chunks of flesh


   Skills:
 + Level 6.2 Fighting
 + Level 6.9 Short Blades
 + Level 10.9 Slings
 - Level 2.1 Dodging
 - Level 1.1 Stealth


You had 8 spell levels left.
You didn't know any spells.
Your spell library contained the following spells:

 Spells                   Type           Power        Failure   Level  Hunger
 Animate Skeleton         Necr           N/A          52%         1    ##.....
 Apportation              Tloc           #.....       52%         1    ##.....
 Corona                   Hex            #......      52%         1    ##.....
 Summon Small Mammal      Summ           #...         52%         1    ##.....


Dungeon Overview and Level Annotations

Branches:
Dungeon (7/15)             Temple (1/1) D:4

Altars:
Ashenzari
Cheibriados
Dithmenos
Elyvilon
Fedhas
Gozag
Hepliaklqana
Nemelex Xobeh
Okawaru
Qazlal
Ru
Sif Muna
Uskayaw
Vehumet
Wu Jian
Xom
Yredelemnul
Zin
The Shining One


Innate Abilities, Weirdness & Mutations

You are small and have problems with some larger weapons.
You are somewhat resistant to further mutation.


Message History

The centaur is severely wounded.
You feel sick. The centaur hits you.
The orc wizard hits you but does no damage.
The centaur wields a +0 shortbow.
The centaur shoots an arrow.
The arrow hits you!
* * * LOW HITPOINT WARNING * * *
The orc wizard misses you. The orc wizard barely misses you.
You see here an arrow.
You feel sick.
The orc wizard gestures at you while chanting.
The puff of flame misses you.
The orc wizard gestures at you while chanting.
The magic dart hits you.
* * * LOW HITPOINT WARNING * * *
There is an open door here.
You see here an arrow.
You feel sick.
You feel better.
The orc warrior hits you with a +0 dire flail!!
You die...

#...................
#...................
#............).[....
#...............[...
#...................
####'#############..
#(.......# #..
#........# #..
#.@......# #..
#o######## ####..
#o..### #.....
#oo...# #.....
#o....# #.....
#.....# #.....
#.....# #.....
#..../# ##....
#....... #....


You could see an orc warrior, 2 orc wizards and an orc.

Vanquished Creatures
  Duvessa (D:4)
  An ogre (D:5)
  2 phantoms
  A centaur (D:6)
  Blork the orc (D:5)
  2 bullfrogs (D:6)
  A water moccasin skeleton (D:5)
  Dowan (D:4)
  2 killer bees (D:6)
  A crimson imp (D:4)
  A bullfrog zombie (D:5)
  2 hounds
  A jelly (D:6)
  2 orc priests
  3 iguanas
  2 orc wizards
  7 worker ants
  2 worker ant zombies
  A howler monkey zombie (D:6)
  8 gnolls
  3 adders
  4 shadow imps
  2 oozes
  A worm (D:2)
  7 dart slugs
  5 leopard geckos
  9 orcs
  3 giant cockroaches
  11 goblins
  11 hobgoblins
  6 jackals (D:1)
  7 kobolds
  4 quokkas
  6 bats
  7 frilled lizards
  A jackal zombie (D:5)
  A quokka zombie (D:4)
  10 rats
140 creatures vanquished.

Notes
Turn   | Place    | Note
-------+----------+-------------------------------------------
     0 | D:1      | Faca the Halfling Hunter began the quest for the Orb.
     0 | D:1      | Reached XP level 1. HP: 14/14 MP: 1/1
   200 | D:1      | Reached skill level 6 in Slings
   236 | D:1      | Reached XP level 2. HP: 8/19 MP: 2/2
   961 | D:1      | Reached XP level 3. HP: 19/25 MP: 3/3
  1873 | D:2      | Reached XP level 4. HP: 7/30 MP: 4/4
  1895 | D:2      | Reached skill level 7 in Slings
  2432 | D:2      | Found a stormy altar of Qazlal.
  2871 | D:2      | Found a sparkling altar of Nemelex Xobeh.
  2899 | D:2      | Found an ornate altar of the Wu Jian Council.
  3007 | D:2      | Reached XP level 5. HP: 36/36 MP: 5/5
  3195 | D:3      | Reached skill level 1 in Short Blades
  3330 | D:3      | Found a glowing golden altar of the Shining One.
  4201 | D:4      | Reached XP level 6. HP: 13/42 MP: 6/6
  4599 | D:4      | Reached skill level 8 in Slings
  4738 | D:4      | Noticed Dowan
  4753 | D:4      | Killed Dowan
  4838 | D:4      | Noticed Duvessa
  5178 | D:4      | Killed Duvessa
  5178 | D:4      | Reached XP level 7. HP: 45/48 MP: 7/7
  5283 | D:4      | Got a slimy leather armour
  5295 | D:4      | Identified the +0 leather armour of Syndicalism {rElec MR+
                  | Int-3 Slay+2} (You found it on level 4 of the Dungeon)
  5402 | D:4      | Found a staircase to the Ecumenical Temple.
  5411 | Temple   | Entered the Ecumenical Temple
  5467 | Temple   | Became a worshipper of Warmaster Okawaru
  5998 | D:5      | Entered Level 5 of the Dungeon
  5998 | D:5      | Noticed Blork the orc
  6013 | D:5      | Killed Blork the orc
  6276 | D:5      | Reached skill level 9 in Slings
  6456 | D:4      | Reached * piety under Okawaru
  6456 | D:4      | Reached XP level 8. HP: 16/54 MP: 8/8
  6662 | D:5      | Reached skill level 5 in Fighting
  6675 | D:5      | Reached skill level 5 in Short Blades
  7794 | D:5      | Found a basalt altar of Yredelemnul.
  7991 | D:6      | Reached skill level 10 in Slings
  8829 | D:6      | Reached XP level 9. HP: 35/62 MP: 9/9
  9256 | D:6      | Found a shattered altar of Ashenzari.
  9844 | D:7      | Mangled by an orc warrior

Levels and vault maps discovered:
D:1:      sevenhm_arrival_forest_fort_large_2, layout_rooms
D:2:      layout_rooms, old_standard_altar, lemuel_doored_altar,
          nicolae_qazlal_eye_of_the_storm
D:3:      layout_loops_ring, tso_metal_star
D:4:      layout_layer_cave, minmay_temple_entry_drinking_statues, first_ration,
          uniq_duvessa
D:5:      layout_rooms, kennysheep_mini_moat, uniq_blork_the_orc
D:6:      layout_cave_pools, ashenzari_altar_1
D:7:      layout_gridville, the_bakery
Temple:   regret_index_temple_waves

Skill      XL: |  1  2  3  4  5  6  7  8  9 |
---------------+----------------------------+-----
Slings         | 6 7 8 9 10 | 10.9
Fighting       | 2 3 4 5 6 |  6.2
Short Blades   | 2 3 4 6 |  6.9
Dodging        | |  2.1
Stealth        | |  1.1

Action                   |  1- 3 |  4- 6 |  7- 9 || total
-------------------------+-------+-------+-------++-------
Melee: Short sword       |   165 |   258 |       ||   423
       Dagger            |       |       |   299 ||   299
 Fire: Hunting sling     |    11 |    80 |    32 ||   123
  Use: Scroll            |     1 |     8 |     6 ||    15
       Potion            |     1 |     2 |     3 ||     6
 Stab: Sleeping          |       |       |     5 ||     5
  Eat: Chunk             |     3 |    10 |     6 ||    19
       Ration            |       |       |     3 ||     3
Armor: Leather armour    |    21 |       |    54 ||    75
       Skin              |     7 |     4 |       ||    11
       Scale mail        |     5 |   118 |       ||   123
Dodge: Dodged            |   113 |   202 |   199 ||   514

Table legend:
 A = Non-vault XP
 B = Vault XP
 C = Vault XP percentage of total XP
 D = Non-vault monster count
 E = Vault monster count
 F = Vault count percentage of total count
                 A         B        C        D         E       F
            +---------+---------+-------+---------+---------+-------
      Total |    2026 |     324 |  13.8 |     137 |       3 |   2.1
            +---------+---------+-------+---------+---------+-------
        D:1 |      67 |       0 |   0.0 |      32 |       0 |   0.0
        D:2 |      79 |       0 |   0.0 |      28 |       0 |   0.0
        D:3 |      81 |       0 |   0.0 |      16 |       0 |   0.0
        D:4 |     355 |     222 |  38.5 |      17 |       2 |  10.5
        D:5 |     569 |     102 |  15.2 |      19 |       1 |   5.0
        D:6 |     815 |       0 |   0.0 |      21 |       0 |   0.0
        D:7 |      60 |       0 |   0.0 |       4 |       0 |   0.0
            +---------+---------+-------+---------+---------+-------
